AoeStats
← Kulishaak

Arabia

505073525Analyzed
1v1 RM · 24d ago on Sep 7, 2026· 21m 2s· 2 players
Game mode
Random Map
Map size
Tiny (2 player)
Population
200
Speed
Normal
Resources
Standard
Victory
Conquest
Starting age
Dark Age
Ending age
Imperial Age
RankedLock teamsTeams togetherTeam positionsShared explorationLock speedFull tech treeHidden civsTurbo modeCheats
Victory
Defeat
🇨🇿 Armenians · Czechia
1161
+14
🇺🇸 Vietnamese · United States
1111
-14
Okiloki
6:54 Loom
10:17 Feudal Age
11:09 Double-Bit Axe
19:10 Wheelbarrow
20:50 Fletching
Kulishaak
1:46 Loom
10:14 Feudal Age
10:26 Man-at-Arms
12:57 Double-Bit Axe
13:19 Horse Collar
13:04 Long Swordsman
14:19 Arson
17:11 Wheelbarrow
19:44 Scale Mail Armor
21:45 Forging
Connection lost

Rejoining the realm…

Still unreachable

The connection could not be restored.

Session expired

The server has moved on; the page needs a fresh start.